[Event "Team 45 45 League T35"]
[Site "Internet Chess Club"]
[Date "2007.10.29"]
[Round "2"]
[White "Gregorio"]
[Black "gracey"]
[Result "0-1"]
[WhiteElo "2020"]
[BlackElo "2132"]
[Opening "Ruy Lopez: open (Tarrasch) defense"]
[ECO "C80"]
[Time "16:37:54"]
[TimeControl "2700+45"]

1. e4 e5 2. Nf3 Nc6 3. Bb5 a6 4. Ba4 Nf6 5. O-O Nxe4 6. Re1 Nc5 7. Nxe5 Be7 8.
c3 Nxe5 9. Rxe5 Nd3 10. Re3 Nxc1 11. Qxc1 O-O 12. Qe1 Bg5 13. Re2 d6 14. Bc2 Bd7
15. d4 Bb5 16. Re4 d5 17. Re5 Bf4 18. Re7 Qxe7 19. Qxe7 Rfe8 20. Qxe8+ Rxe8 21.
g3 Bc1 22. a4 Re1+ 23. Kg2 Bf1+ 24. Kf3 h5 25. Na3 g5 26. g4 Be2+ 27. Kg2 hxg4
28. f4 gxf3+ 29. Kh3 f2 {White resigns} 0-1

[Event "Team 45 45 League T35"]
[Site "Internet Chess Club"]
[Date "2007.10.27"]
[Round "2"]
[White "martineden"]
[Black "Folgers"]
[Result "0-1"]
[WhiteElo "1979"]
[BlackElo "2040"]
[Opening "KP: Nimzovich defense"]
[ECO "A40"]
[Time "11:34:40"]
[TimeControl "2700+45"]

1. d4 Nc6 2. e4 e5 3. dxe5 Nxe5 4. Nf3 Qf6 5. Nxe5 Qxe5 6. Nc3 Bb4 7. Bd3 Nf6 8.
O-O d6 9. Kh1 Ng4 10. f4 Qh5 11. h3 Bxc3 12. Bd2 Bxd2 13. Qxd2 Nh6 14. Qc3 O-O
15. Qxc7 Bxh3 16. gxh3 Qxh3+ 17. Kg1 {White resigns} 0-1

[Event "Team 45 45 League T35"]
[Site "Internet Chess Club"]
[Date "2007.10.26"]
[Round "2"]
[White "baumhauer"]
[Black "ivanson"]
[Result "1-0"]
[WhiteElo "2037"]
[BlackElo "1865"]
[Opening "King's Indian: 3.g3"]
[ECO "E60"]
[Time "09:01:55"]
[TimeControl "2700+45"]

1. d4 Nf6 2. c4 g6 3. g3 Bg7 4. Bg2 O-O 5. Nc3 d6 6. e4 Nbd7 7. Nge2 e5 8. O-O
exd4 9. Nxd4 Re8 10. h3 Ne5 11. b3 a6 12. Be3 Rb8 13. Qd2 c5 14. Nde2 Bxh3 15.
Rad1 Bxg2 16. Kxg2 Nc6 17. f3 b5 18. cxb5 axb5 19. Qxd6 Qxd6 20. Rxd6 Ne5 21.
Nd5 Nxd5 22. Rxd5 c4 23. Bf4 Ra8 24. Nc1 cxb3 25. axb3 b4 26. Rfd1 Nc6 27. g4
Red8 28. Nd3 Rxd5 29. exd5 Nd4 30. Nxb4 Nxb3 31. d6 Nc5 32. Nc6 Ne6 33. Be3 Bf6
34. f4 Nd8 35. Ne7+ Kf8 36. Nd5 Bg7 37. Bc5 Nb7 38. Bb4 Rd8 39. d7+ Kg8 40. Ne7+
Kh8 41. Nc6 Ra8 42. Re1 Bf6 43. Re8+ {Black resigns} 1-0

Neither player showed up at the agreed time. A double forfeit is indicated and a reduction in reliability rating for both players.

The players have 48 hours (starting 14:30 server time) to contend this decision if they believe it is in error.

[Event "Team 45 45 League T35"]
[Site "Internet Chess Club"]
[Date "2007.10.30"]
[Round "2"]
[White "alegro"]
[Black "SuperPeon"]
[Result "1/2-1/2"]
[WhiteElo "2148"]
[BlackElo "2011"]
[Opening "Pirc defense"]
[ECO "B07"]
[Time "07:06:53"]
[TimeControl "2700+45"]

1. e4 d6 2. d4 Nf6 3. Nc3 g6 4. f3 c6 5. Be3 b5 6. Qd2 a5 7. a3 Ba6 8. h4 b4 9.
Nce2 Qb6 10. axb4 axb4 11. Nh3 Bg7 12. Bh6 Bxh6 13. Qxh6 Ra7 14. Nhf4 e5 15. Qg7
Ke7 16. Qxh8 exf4 17. Rd1 Nbd7 18. Nxf4 Bxf1 19. Rxf1 Ra2 20. Rf2 Rxb2 21. Re2
b3 22. cxb3 Qb4+ 23. Kf1 Qxb3 24. Rd3 Qa2 25. Rxb2 Qa1+ 26. Kf2 Qxb2+ 27. Ne2
Nh5 28. Ke3 c5 29. g4 Nhf6 30. Qc8 Nb6 31. Qc7+ Nfd7 32. dxc5 dxc5 33. Kf2 Qb5
34. Qd6+ Ke8 35. Nc3 Qb2+ 36. Kg3 Qc1 37. Nd1 Qa1 38. e5 Qxe5+ 39. Qxe5+ Nxe5
40. Re3 Nc4 41. Rc3 Nd2 42. Rxc5 Nexf3 43. Rd5 h5 44. g5 f6 45. gxf6 Kf7 46. Rd8
g5 47. Rxd2 Nxd2 48. hxg5 Ne4+ 49. Kh4 Nxf6 50. gxf6 Kxf6 51. Kxh5 {Game drawn
because neither player has mating material} 1/2-1/2

[Event "Team 45 45 League T35"]
[Site "Internet Chess Club"]
[Date "2007.10.27"]
[Round "2"]
[White "chsrules88"]
[Black "ARMAND01968"]
[Result "1-0"]
[WhiteElo "2064"]
[BlackElo "1783"]
[Opening "Ruy Lopez: Graz variation"]
[ECO "C70"]
[Time "12:56:33"]
[TimeControl "2700+45"]

1. e4 e5 2. Nf3 Nc6 3. Bb5 a6 4. Ba4 b5 5. Bb3 Bc5 6. O-O d6 7. h3 Qe7 8. d3 h6
9. Re1 Nf6 10. Nc3 Na5 11. Bd2 Nxb3 12. axb3 Be6 13. Ne2 Qd7 14. Ng3 g5 15. Nh2
c6 16. Qe2 Rg8 17. Be3 Bxe3 18. Qxe3 h5 19. Qb6 Qc8 20. Ra5 Nd7 21. Qe3 h4 22.
Ngf1 g4 23. hxg4 Bxg4 24. Nxg4 Rxg4 25. Rea1 c5 26. Nh2 Rg6 27. Qh3 Kd8 28.
Qxh4+ Kc7 29. Qh7 Rf6 30. Ng4 Rf4 31. Ne3 Nb6 32. Nf5 Qf8 33. Rxa6 Rxa6 34. Rxa6
Kb7 35. Ra1 Rg4 36. Qxf7+ Qxf7 37. Nxd6+ Kc6 38. Nxf7 Nd7 39. Nh6 Rg6 40. Nf5
Kb6 41. g3 Nf6 42. Kg2 b4 43. Rh1 Ng8 44. Rh7 Rg5 45. Rd7 Kb5 46. Rd5 {Black
resigns} 1-0

[Event "Team 45 45 League T35"]
[Site "Internet Chess Club"]
[Date "2007.10.28"]
[Round "2"]
[White "andrew28"]
[Black "upturnedcircle"]
[Result "1-0"]
[WhiteElo "1792"]
[BlackElo "1872"]
[Opening "French: Tarrasch, closed variation"]
[ECO "C05"]
[Time "16:00:46"]
[TimeControl "2700+45"]

1. e4 e6 2. d4 d5 3. Nd2 Nf6 4. e5 Nfd7 5. f4 c5 6. c3 Nc6 7. Ngf3 cxd4 8. cxd4
f6 9. Be2 Qb6 10. Nb3 fxe5 11. fxe5 Bb4+ 12. Bd2 O-O 13. O-O Bxd2 14. Qxd2 Ndxe5
15. Nxe5 Rxf1+ 16. Rxf1 Nxe5 17. Qf4 Bd7 18. Qxe5 Be8 19. Bg4 {Black resigns}
1-0

[Event "Team 45 45 League T35"]
[Site "Internet Chess Club"]
[Date "2007.10.28"]
[Round "2"]
[White "netshooter"]
[Black "cesaralexander"]
[Result "1-0"]
[WhiteElo "1844"]
[BlackElo "1765"]
[Opening "French defense, Steiner variation"]
[ECO "C00"]
[Time "20:39:48"]
[TimeControl "2700+45"]

1. e4 e6 2. c4 d5 3. exd5 exd5 4. cxd5 Nf6 5. Nf3 Nxd5 6. d4 Bb4+ 7. Bd2 Bxd2+
8. Qxd2 O-O 9. Be2 Nd7 10. O-O N7f6 11. Nc3 Bg4 12. h3 Bxf3 13. Bxf3 c6 14. Rfe1
Qd6 15. Re5 Nb6 16. Qd3 Rfe8 17. Rae1 Rxe5 18. Rxe5 Rd8 19. Ra5 a6 20. Ne2 Nbd5
21. Qb3 Qc7 22. Rc5 Qb6 23. Bxd5 Qc7 24. Bf3 Re8 25. Qc2 Nd7 26. Rc3 Nf8 27. d5
Qa5 28. dxc6 bxc6 29. a3 Qe5 30. Rxc6 Ng6 31. Rxa6 Nf4 32. Nxf4 Qe1+ 33. Kh2
{Black resigns} 1-0

[Event "Team 45 45 League T35"]
[Site "Internet Chess Club"]
[Date "2007.10.26"]
[Round "2"]
[White "nathesh"]
[Black "Zyme"]
[Result "1-0"]
[WhiteElo "1433"]
[BlackElo "1415"]
[Opening "French: exchange variation"]
[ECO "C01"]
[Time "19:28:05"]
[TimeControl "2700+45"]

1. e4 e6 2. d4 d5 3. exd5 exd5 4. c4 Bb4+ 5. Nc3 Ne7 6. Nf3 O-O 7. Bd2 Nbc6 8.
a3 Bxc3 9. bxc3 Re8 10. Be2 dxc4 11. O-O b5 12. a4 Ba6 13. axb5 Bxb5 14. Rb1 Rb8
15. Bg5 Qd5 16. Bf4 Rb7 17. Re1 a5 18. Qc2 h6 19. Nd2 a4 20. Bf3 Qd7 21. d5 Nd8
22. d6 Nec6 23. dxc7 Ne6 24. Bg4 Ne7 25. Nxc4 Qc6 26. Na5 Qa6 27. Nxb7 Nxf4 28.
Rxe7 Kf8 29. Rxe8+ Kxe8 30. c8=Q+ Ke7 31. Re1+ Kf6 32. Q2f5# {Black checkmated}
1-0

[Event "Team 45 45 League T35"]
[Site "Internet Chess Club"]
[Date "2007.10.29"]
[Round "2"]
[White "archae13"]
[Black "sra66"]
[Result "0-1"]
[WhiteElo "1222"]
[BlackElo "1417"]
[Opening "Giuoco Piano"]
[ECO "C54"]
[Time "20:07:41"]
[TimeControl "2700+45"]

1. e4 e5 2. Nf3 Nc6 3. Bc4 Bc5 4. c3 Nf6 5. d4 exd4 6. cxd4 Nxd4 7. Nxd4 Nxe4 8.
Qe2 d5 9. Bb3 Bxd4 10. O-O O-O 11. Nc3 Nxc3 12. bxc3 Bxc3 13. Bb2 Re8 14. Qc2
Bxb2 15. Qxb2 b6 16. Qd4 Bb7 17. Qd3 c5 18. Bc2 g6 19. Rae1 Qg5 20. g3 d4 21. f4
Qd5 22. Re5 Qg2# {White checkmated} 0-1

[Event "Team 45 45 League T35"]
[Site "Internet Chess Club"]
[Date "2007.10.27"]
[Round "2"]
[White "slakkjaw"]
[Black "kabubi"]
[Result "0-1"]
[WhiteElo "1247"]
[BlackElo "1259"]
[Opening "Ruy Lopez: exchange variation"]
[ECO "C68"]
[Time "17:12:41"]
[TimeControl "2700+45"]

1. e4 e5 2. Nf3 Nc6 3. Bb5 a6 4. Bxc6 dxc6 5. Nxe5 Qd4 6. Nxf7 Qxe4+ 7. Qe2
Qxe2+ 8. Kxe2 Kxf7 9. Re1 Bd6 10. h3 Bf5 11. d3 Nf6 12. Kf1 Rhe8 13. Be3 Nd5 14.
g4 Bg6 15. Nd2 Nxe3+ 16. fxe3 Bg3 17. Re2 Re7 18. Kg2 Bf4 19. Rf1 Kg8 20. Rxf4
h6 21. e4 Rae8 22. Kg3 b5 23. b3 c5 24. c3 Rd7 25. Re3 a5 26. a4 c6 27. h4 Bf7
28. Rf2 Ree7 29. Ree2 Rxd3+ 30. Rf3 Red7 31. Nb1 Bxb3 32. axb5 cxb5 33. Rf2 Bd1
34. Rxd3 Rxd3+ 35. Kf4 a4 36. Rd2 Rxd2 37. Nxd2 a3 {White resigns} 0-1

[Event "Team 45 45 League T35"]
[Site "Internet Chess Club"]
[Date "2007.10.28"]
[Round "2"]
[White "WannaB"]
[Black "JoshK"]
[Result "0-1"]
[WhiteElo "1030"]
[BlackElo "1230"]
[Opening "Sicilian: Grand Prix attack"]
[ECO "B23"]
[Time "16:01:52"]
[TimeControl "2700+45"]

1. e4 c5 2. Nc3 Nc6 3. f4 g6 4. Bb5 Bg7 5. Nf3 Nd4 6. O-O Nxb5 7. Nxb5 e6 8.
Nd6+ Kf8 9. Ng5 Nh6 10. Rb1 f6 11. Nc4 d5 12. exd5 Qxd5 13. Ne3 Qxa2 14. Ne4
Qxb1 15. Nxc5 Qa2 16. c3 Qa5 17. Nb3 Qb6 18. d4 Kf7 19. d5 Rd8 20. Qc2 Kg8 21.
Kh1 exd5 22. c4 dxc4 23. Nxc4 Qe6 24. Ne3 Nf5 25. Nxf5 Qxf5 26. Qc4+ Be6 27. Qc3
Rac8 28. Qe3 Bxb3 29. Qxb3+ Kh8 30. Qxb7 Qd3 31. Qf3 Qxf3 32. gxf3 f5 33. h4 Rc2
34. b4 a6 35. Be3 Bd4 36. Bxd4+ Rxd4 37. Re1 Kg7 38. Re7+ Kf6 39. Rxh7 Rd1#
{White checkmated} 0-1

[Event "Team 45 45 League T35"]
[Site "Internet Chess Club"]
[Date "2007.10.30"]
[Round "2"]
[White "scottrugby"]
[Black "oldsj"]
[Result "0-1"]
[WhiteElo "1469"]
[BlackElo "1543"]
[Opening "Scotch gambit: Dubois-Réti defense"]
[ECO "C55"]
[Time "20:03:26"]
[TimeControl "2700+45"]

1. e4 e5 2. Nf3 Nc6 3. d4 exd4 4. Bc4 Nf6 5. e5 Ne4 6. Qe2 Nc5 7. c3 d3 8. Bxd3
Nxd3+ 9. Qxd3 d5 10. exd6 Bxd6 11. O-O Ne7 12. Qb5+ c6 13. Qh5 Bf5 14. Ng5 Bg6
15. Qe2 O-O 16. h3 Re8 17. Nd2 Nd5 18. Nde4 h6 19. Qg4 hxg5 20. Bxg5 Rxe4 21.
Qxe4 Bxe4 22. Bxd8 Rxd8 23. Rad1 Bc7 24. Rfe1 Nf6 25. Rxd8+ Bxd8 26. f3 Bd5 27.
Rd1 Bc7 28. b3 Nh5 29. c4 Be6 30. a4 a5 31. Rb1 Nf4 32. b4 Ne2+ 33. Kh1 Nc3 34.
Rb3 Nxa4 35. bxa5 Nc5 36. Ra3 Kf8 37. g4 Ke8 38. Kg2 Kd8 39. h4 Kc8 40. Kh3 Na6
41. h5 Bxc4 42. Kh4 Bd8+ 43. g5 b6 44. axb6 Bxb6 45. Rxa6 Bxa6 46. g6 fxg6 47.
hxg6 Bd3 48. Kh5 Be3 49. Kg4 {White resigns} 0-1

[Event "Team 45 45 League T35"]
[Site "Internet Chess Club"]
[Date "2007.10.26"]
[Round "2"]
[White "EyeAm"]
[Black "supraholic"]
[Result "1/2-1/2"]
[WhiteElo "1397"]
[BlackElo "1241"]
[Opening "two knights defense: Lolli attack"]
[ECO "C57"]
[Time "14:02:10"]
[TimeControl "2700+45"]

1. e4 e5 2. Nf3 Nc6 3. Bc4 Nf6 4. Ng5 d5 5. exd5 Nxd5 6. d4 exd4 7. O-O Be7 8.
Nxf7 Kxf7 9. Qf3+ Bf6 10. Bxd5+ Be6 11. Bxe6+ Kxe6 12. Re1+ Kf7 13. Qb3+ Kg6 14.
Qxb7 Re8 15. Bd2 Rxe1+ 16. Bxe1 Ne7 17. Qe4+ Nf5 18. g4 Qe8 19. gxf5+ Kf7 20.
Qxe8+ Rxe8 21. Na3 Re2 22. Rd1 Be7 23. Kf1 Re4 24. Nb5 c5 25. Nxa7 c4 26. a4 Bc5
27. Nc6 Kf6 28. Bb4 Bxb4 29. Nxb4 c3 30. bxc3 dxc3 31. Nd5+ Kxf5 32. Ne3+ Kf4
33. a5 Ra4 34. Rd5 Ke4 35. Kg2 Ra2 36. h4 Rxc2 37. Nxc2 Kxd5 38. a6 Kc6 39. a7
Kb7 40. a8=Q+ Kxa8 41. Kf3 Kb7 42. Ke3 Kc6 43. Kd3 Kd5 44. Kxc3 Ke4 45. Kd2 Kf3
46. Ke1 Kg4 47. h5 Kxh5 48. Ne3 g5 49. Kf1 Kh4 50. Kg2 h5 51. f3 g4 52. fxg4
hxg4 53. Nf5+ Kg5 54. Ne3 Kh4 55. Nf1 g3 56. Nxg3 {Game drawn because neither
player has mating material} 1/2-1/2

[Event "Team 45 45 League T35"]
[Site "Internet Chess Club"]
[Date "2007.10.28"]
[Round "2"]
[White "CLEAN"]
[Black "chess-buddy"]
[Result "1-0"]
[WhiteElo "1342"]
[BlackElo "1350"]
[Opening "Sicilian: Hungarian variation"]
[ECO "B27"]
[Time "22:02:53"]
[TimeControl "2700+45"]

1. e4 c5 2. Nf3 g6 3. Nc3 Bg7 4. Bc4 e6 5. O-O Nf6 6. d4 cxd4 7. Nxd4 Nc6 8.
Ndb5 O-O 9. Nd6 Ne5 10. Bg5 Nxc4 11. Nxc4 a6 12. e5 b5 13. Nd6 h6 14. Bxf6 Bxf6
15. exf6 Qxf6 16. Nxc8 Raxc8 17. Qxd7 Rc4 18. Rad1 Qe5 19. Rfe1 Qb8 20. Re3 Rh4
21. h3 Rh5 22. Ne4 Qf4 23. Qe7 Rf5 24. Rd4 Kg7 25. Rd7 Qe5 26. Ng3 Qxb2 27.
Nxf5+ gxf5 28. Rg3+ {Black resigns} 1-0

[Event "Team 45 45 League T35"]
[Site "Internet Chess Club"]
[Date "2007.10.28"]
[Round "2"]
[White "MeansToAnEnd"]
[Black "CoasterBrake"]
[Result "1-0"]
[WhiteElo "890"]
[BlackElo "1085"]
[Opening "QGD: Marshall defense"]
[ECO "D06"]
[Time "16:01:10"]
[TimeControl "2700+45"]

1. d4 d5 2. c4 Nf6 3. Nf3 Nc6 4. Bg5 e6 5. Nbd2 dxc4 6. e4 Nxd4 7. Nxd4 Qxd4 8.
Bxc4 Bb4 9. O-O Qxd2 10. Bxd2 Bxd2 11. Qxd2 O-O 12. Rad1 Bd7 13. e5 Ba4 14. Bb3
Ne4 15. Qb4 Bxb3 16. axb3 Ng5 17. h4 c5 18. Qxb7 Rab8 19. Qxa7 Ne4 20. Rfe1 Ra8
21. Qe7 Rfe8 22. Qc7 Rac8 23. Qa5 Ra8 24. Qb5 Rab8 25. Qc4 Rb4 26. Qd3 Rd4 27.
Qe3 Red8 28. Ra1 Nd2 29. b4 Nc4 30. Qc3 Rxh4 31. g3 Rhd4 32. bxc5 Nd2 33. b4 Rc4
34. Qa3 h6 35. Qa5 Rdd4 36. Ra2 Nf3+ 37. Kf1 Nxe1 38. Kxe1 Rc1+ 39. Ke2 Re4+ 40.
Kd2 Rce1 41. f4 R1e2+ 42. Kd3 R2e3+ 43. Kc2 Rxg3 44. c6 Re2+ 45. Kd1 Rxa2 46.
Qxa2 Rg1+ 47. Kc2 Rg2+ 48. Kb3 Rg3+ 49. Kb2 Kf8 50. c7 Rg2+ 51. Kb3 Rg3+ 52. Ka4
Rc3 53. Qb3 Rxc7 54. b5 Ra7+ 55. Kb4 Ke7 56. Kc5 h5 57. b6 Rb7 58. Kc6 Rb8 59.
Kc7 Ra8 60. Qb4+ Ke8 61. b7 Ra7 62. Qd6 f6 63. Qxe6+ Kf8 64. Kc8 h4 65. b8=Q Ra3
66. Kd7# {Black checkmated} 1-0

[Event "Team 45 45 League T35"]
[Site "Internet Chess Club"]
[Date "2007.10.28"]
[Round "2"]
[White "touchthis"]
[Black "Okgah"]
[Result "0-1"]
[WhiteElo "1688"]
[BlackElo "1668"]
[Opening "Two knights defense"]
[ECO "C56"]
[Time "23:07:29"]
[TimeControl "2700+45"]

1. e4 e5 2. d4 exd4 3. Nf3 Nc6 4. Bc4 Nf6 5. O-O Nxe4 6. Re1 d5 7. Bxd5 Qxd5 8.
Nc3 Qc4 9. Nxe4 Be6 10. b3 Qd5 11. Bg5 Bb4 12. Re2 O-O 13. a3 f5 14. Ned2 Bc3
15. Rb1 h6 16. Bf4 g5 17. Bxg5 hxg5 18. Nxg5 Rae8 19. Qe1 Bd7 20. Rd1 d3 21.
cxd3 Nd4 22. Rxe8 Rxe8 23. Qf1 Bxd2 24. Rxd2 Qxb3 25. g3 Bc6 26. f3 Qc3 27. Rd1
Re2 28. Qh3 Nxf3+ 29. Nxf3 Bxf3 30. Qxf5 Qd4+ {White resigns} 0-1

[Event "Team 45 45 League T35"]
[Site "Internet Chess Club"]
[Date "2007.10.28"]
[Round "2"]
[White "houseofcook"]
[Black "crazynights"]
[Result "1-0"]
[WhiteElo "1388"]
[BlackElo "1609"]
[Opening "Two knights defense"]
[ECO "C55"]
[Time "10:02:09"]
[TimeControl "2700+45"]

1. e4 e5 2. Nf3 Nc6 3. d4 exd4 4. Bc4 Nf6 5. O-O d6 6. Nxd4 Be7 7. Nc3 O-O 8.
Be3 Ne5 9. Be2 c5 10. Nf3 Ng6 11. h3 b6 12. Nh2 Bb7 13. Bf3 Ne5 14. Bf4 Nxf3+
15. Qxf3 Qd7 16. Rad1 Nxe4 17. Nxe4 f5 18. Qb3+ Kh8 19. Nc3 Rad8 20. Nd5 Bf6 21.
Nf3 Qc6 22. c3 Be5 23. Bg5 Bf6 24. Rfe1 Rde8 25. Rxe8 Qxe8 26. Bxf6 gxf6 27. Re1
Qf7 28. c4 b5 29. Re7 Qg6 30. Rxb7 {Black resigns} 1-0

[Event "Team 45 45 League T35"]
[Site "Internet Chess Club"]
[Date "2007.10.28"]
[Round "2"]
[White "Invicta-Knight"]
[Black "crag"]
[Result "1/2-1/2"]
[WhiteElo "1548"]
[BlackElo "1317"]
[Opening "KGA: Schallop defense"]
[ECO "C34"]
[Time "10:01:46"]
[TimeControl "2700+45"]

1. e4 e5 2. f4 exf4 3. Nf3 Nf6 4. e5 Nd5 5. Bc4 Nb6 6. Bb3 d5 7. d4 Be7 8. Bxf4
O-O 9. Nbd2 Nc6 10. c3 Bf5 11. O-O Qd7 12. Bc2 Bxc2 13. Qxc2 h6 14. Rf2 Rad8 15.
Nf1 Rfe8 16. Re1 Qg4 17. Bd2 Nc4 18. Ne3 Nxe3 19. Rxe3 Qg6 20. Qd1 Na5 21. b3 c5
22. Qf1 cxd4 23. cxd4 Nc6 24. Qb5 Qb1+ 25. Re1 Qxa2 26. Bxh6 Qa6 27. Qxa6 bxa6
28. Be3 Nb4 29. Rc1 Nd3 30. Rc7 Nxf2 31. Kxf2 Ra8 32. Ke2 Ba3 33. Kd3 Re7 34.
Rc6 a5 35. Ra6 Bb4 36. Bd2 Re6 37. Rxe6 fxe6 38. Bxb4 axb4 39. Ng5 Re8 40. h4
Kf8 41. Kc2 Ke7 42. g4 a5 43. Nf3 Ra8 44. Ne1 Kd7 45. Nd3 Kc6 46. Nc5 Re8 47.
Kd3 Kc7 48. Ke3 Kd8 49. Nb7+ Kd7 50. Nc5+ Ke7 51. Nb7 Kd7 52. Nc5+ Ke7 53. Nb7
Ra8 54. Nc5 g6 {Game drawn by mutual agreement} 1/2-1/2

[Event "Team 45 45 League T35"]
[Site "Internet Chess Club"]
[Date "2007.10.28"]
[Round "2"]
[White "vaknight"]
[Black "Qualm"]
[Result "1/2-1/2"]
[WhiteElo "1563"]
[BlackElo "1693"]
[Opening "Petrov: Italian variation"]
[ECO "C42"]
[Time "09:00:29"]
[TimeControl "2700+45"]

1. e4 e5 2. Nf3 Nf6 3. Bc4 Nxe4 4. Nxe5 d5 5. Nxf7 Kxf7 6. Qh5+ Ke6 7. Bb3 Nf6
8. Qg5 Kf7 9. O-O h6 10. Qf4 Bd6 11. Qf3 c6 12. h3 Re8 13. d4 Kg8 14. Be3 Be6
15. Nd2 Nbd7 16. c3 Bf7 17. Bc2 Nf8 18. Rfe1 Bg6 19. Bxg6 Nxg6 20. Qf5 Ne7 21.
Qd3 Qd7 22. Nf3 Qf5 23. Qe2 Ng6 {Game drawn by mutual agreement} 1/2-1/2

[Event "Team 45 45 League T35"]
[Site "Internet Chess Club"]
[Date "2007.10.27"]
[Round "2"]
[White "budugu"]
[Black "nursey"]
[Result "1-0"]
[WhiteElo "1547"]
[BlackElo "1710"]
[Opening "Ruy Lopez: Exchange variation doubly deferred (DERLD)"]
[ECO "C85"]
[Time "14:04:28"]
[TimeControl "2700+45"]

1. e4 e5 2. Nf3 Nc6 3. Bb5 a6 4. Ba4 Nf6 5. O-O Be7 6. Bxc6 dxc6 7. Nxe5 Bd6 8.
Nf3 Ng4 9. h3 Ne5 10. d3 O-O 11. Bf4 Nxf3+ 12. Qxf3 Qf6 13. e5 Bxe5 14. Bxe5
Qxe5 15. Nc3 Re8 16. Qe4 Bf5 17. Qxe5 Rxe5 18. Rfe1 Rae8 19. Rxe5 Rxe5 20. f3 h6
21. Kf2 Kf8 22. Re1 Rxe1 23. Kxe1 Ke7 24. Kd2 Kd6 25. Ne4+ Kd5 26. Ke3 b5 27. g4
Bg6 28. Nd2 c5 29. c3 c6 30. a3 a5 31. f4 Kd6 32. h4 a4 33. Nf3 Kd5 34. f5 Bh7
35. Kf4 g6 36. f6 h5 37. g5 c4 38. dxc4+ bxc4 39. Ke3 c5 40. Nd2 Bg8 41. Kf4 Bh7
42. Nf1 Ke6 43. Ke4 Kd6 44. Ne3 Ke6 45. Nxc4 Bg8 46. Nb6 Kd6 47. Nxa4 c4 48. Kd4
Bh7 49. Nb6 Ke6 50. Ke4 Kd6 51. Nxc4+ Kc5 52. b3 Bg8 53. a4 Bh7 54. Kd3 Bg8 55.
b4+ Kc6 56. Kd4 Kb7 57. Kc5 Ka6 58. Nb6 Bh7 59. Nc4 Bg8 60. b5+ Ka7 61. a5 Bh7
62. Kb4 Bg8 63. a6 Bh7 64. Ka5 Ka8 65. Kb6 Kb8 66. a7+ {Black resigns} 1-0

[Event "Team 45 45 League T35"]
[Site "Internet Chess Club"]
[Date "2007.10.25"]
[Round "2"]
[White "rayonline53"]
[Black "civilization"]
[Result "1-0"]
[WhiteElo "1579"]
[BlackElo "1472"]
[Opening "Queen's pawn game"]
[ECO "D02"]
[Time "18:04:18"]
[TimeControl "2700+45"]

1. d4 d5 2. Nf3 c6 3. Nc3 Bf5 4. e3 e6 5. Bd3 Nf6 6. Bxf5 exf5 7. O-O Ne4 8. Nd2
Bb4 9. Ne2 O-O 10. c3 Bd6 11. f4 Nd7 12. Nxe4 fxe4 13. Bd2 Nf6 14. Ng3 Re8 15.
Nh1 a6 16. Qe2 b5 17. Nf2 a5 18. Kh1 g6 19. Rg1 Nh5 20. g4 Nf6 21. Rg2 a4 22. a3
Rb8 23. h4 h5 24. gxh5 Nxh5 25. Qxh5 Kf8 26. Qg4 Kg7 27. Rh2 f5 28. Qg3 Kf7 29.
Kg2 Rg8 30. Nh3 Be7 31. Ng5+ Bxg5 32. hxg5 Rh8 33. Rah1 Rxh2+ 34. Rxh2 Qg8 35.
Rh6 Qg7 36. Qh3 Qg8 37. Rh7+ Ke6 38. Qh6 Qe8 39. Rg7 Rc8 40. Rxg6+ Kd7 41. Rg7+
Kd8 42. Qd6+ Qd7 43. Qxd7# {Black checkmated} 1-0

[Event "Team 45 45 League T35"]
[Site "Internet Chess Club"]
[Date "2007.10.27"]
[Round "2"]
[White "Vynaris"]
[Black "SeniorCitizen"]
[Result "1-0"]
[WhiteElo "1462"]
[BlackElo "1271"]
[Opening "QGD: 3...Nf6"]
[ECO "D35"]
[Time "09:00:31"]
[TimeControl "2700+45"]

1. d4 d5 2. c4 e6 3. Nc3 Nf6 4. e3 Be7 5. Nf3 O-O 6. Bd3 Nbd7 7. O-O b6 8. cxd5
exd5 9. Ne5 Bb7 10. f4 Nxe5 11. fxe5 Nd7 12. Qh5 g6 13. Qg4 c6 14. e4 Bc8 15.
Qf3 Bg5 16. exd5 Bxc1 17. Raxc1 cxd5 18. Qxd5 Rb8 19. Ne4 Bb7 20. Qxd7 Bxe4 21.
Qxd8 Rbxd8 22. Bxe4 Rxd4 23. Bf3 Rb8 24. Rc7 a5 25. Be2 Rd2 26. Bc4 Kg7 27.
Rfxf7+ Kh6 28. Rxh7+ Kg5 29. h4+ Kg4 30. Rcf7 Rc8 31. Be6+ Kg3 32. Rf3# {Black
checkmated} 1-0

[Event "Team 45 45 League T35"]
[Site "Internet Chess Club"]
[Date "2007.10.26"]
[Round "2"]
[White "ADIOKiddo4Ever"]
[Black "Traho"]
[Result "1-0"]
[WhiteElo "1454"]
[BlackElo "1281"]
[Opening "Caro-Kann defense"]
[ECO "B11"]
[Time "22:30:15"]
[TimeControl "2700+45"]

1. e4 c6 2. Nc3 d5 3. d3 e5 4. g3 Nf6 5. Bg2 h6 6. Nge2 d4 7. Nb1 Bg4 8. O-O Qd7
9. f4 Bd6 10. f5 Bxe2 11. Qxe2 Qe7 12. g4 Nbd7 13. h4 O-O-O 14. Nd2 Rdg8 15. Nc4
Bc7 16. Bd2 g5 17. h5 b5 18. Na5 Bxa5 19. Bxa5 Nb6 20. Bh3 Kb7 21. Qd2 Rc8 22.
a4 a6 23. Bxb6 Kxb6 24. axb5 Kc7 25. bxc6 Qc5 26. Qa5+ Qb6 27. Qxb6+ Kd6 28. c7+
Kd7 29. Qxf6 {Black resigns} 1-0

[Event "Team 45 45 League T35"]
[Site "Internet Chess Club"]
[Date "2007.10.29"]
[Round "2"]
[White "Conjurer"]
[Black "johnpawn"]
[Result "0-1"]
[WhiteElo "1379"]
[BlackElo "1308"]
[Opening "English: Caro-Kann defensive system"]
[ECO "A11"]
[Time "23:04:20"]
[TimeControl "2700+45"]

1. c4 c6 2. Nc3 d5 3. b3 Bf5 4. Nf3 e6 5. g3 d4 6. Na4 c5 7. d3 Be7 8. Bg2 Nc6
9. O-O h6 10. e3 dxe3 11. Bxe3 Bxd3 12. Re1 b6 13. Nd2 Rc8 14. Nb2 Bh7 15. a3
Bf6 16. Ra2 Ne5 17. Nf3 Ne7 18. Bf4 N5g6 19. Qxd8+ Rxd8 20. Rd1 Nxf4 21. Rxd8+
Kxd8 22. gxf4 Kc7 23. Ne5 Bxe5 24. fxe5 Rd8 25. Na4 Rd1+ 26. Bf1 Bd3 27. Nc3
Rxf1+ 28. Kg2 Ng6 29. Rd2 Re1 30. Nb5+ Kb8 31. Kf3 Nxe5+ 32. Kf4 Re4+ 33. Kg3
Rg4+ {White resigns} 0-1

[Event "Team 45 45 League T35"]
[Site "Internet Chess Club"]
[Date "2007.10.24"]
[Round "2"]
[White "reverendjim"]
[Black "wekabird"]
[Result "0-1"]
[WhiteElo "1256"]
[BlackElo "1221"]
[Opening "Caro-Kann: Panov-Botvinnik attack, 5...e6"]
[ECO "B14"]
[Time "23:01:42"]
[TimeControl "2700+45"]

1. e4 c6 2. d4 d5 3. exd5 cxd5 4. c4 Nf6 5. Nc3 e6 6. Nf3 Bb4 7. cxd5 Bxc3+ 8.
bxc3 Nxd5 9. c4 Nf6 10. Ba3 Qa5+ 11. Qd2 Qxa3 12. Be2 Qe7 13. O-O O-O 14. Ne5
Nc6 15. Nxc6 bxc6 16. Bf3 Bb7 17. c5 Rad8 18. Rfe1 Nd5 19. Bxd5 Rxd5 20. Re5
Rfd8 21. Rxd5 Rxd5 22. Rb1 h6 23. Re1 Qd7 24. Re4 Rxc5 25. Re2 Rd5 26. Re4 c5
27. Qa5 Rxd4 28. Rxd4 Qxd4 29. Qe1 Bd5 30. h3 Bxa2 31. Qa5 Bd5 32. Qxa7 Qe4 33.
Qb8+ Kh7 34. Qg3 c4 35. f3 Qe3+ 36. Kh2 c3 37. Qc7 Qd2 38. Qa5 Bxf3 {White
resigns} 0-1